General information
- name: BNet
- type: Ladder team game (AT/RT)
- host: Battle.net
- saver: Lamechampion
map: Mur'gulOasis
- players: 8
- length: 33:31
- speed: Fast
- version: 1.26 W3XP
- replay type: Public
» download(177 KB)
Players
team 1 (loser)
XxLordDiabloxX (
green | 59 APM | 1988 actions | 33:30)
6 Goblin Alchemist
3 Acid Bomb
3 Healing Spray
2 Goblin Tinker
1 Pocket Factory
1 Engineering Upgrade
» actions
| Assign group hotkey | 18 | |
| Basic commands | 56 | |
| Build / train | 95 | |
| Enter build submenu | 18 | |
| Enter hero's abilities submenu | 8 | |
| Remove unit from queue | 21 | |
| Right click | 719 | |
| Select / deselect | 392 | |
| Select group hotkey | 550 | |
| Use ability | 111 | |
1988 total
» units
| Wisp | 31 | |
| Huntress | 13 | |
| Druid of the Claw | 1 | |
| Dryad | 10 | |
55 total
» upgrades
| Ultravision | 1 | |
| Strength of the Wild | 3 | |
| Reinforced Hides | 3 | |
| Well Spring | 1 | |
| Druid of the Claw Training | 2 | |
| Abolish Magic | 1 | |
11 total
» buildings
| Moon Well | 8 | |
| Hunter's Hall | 1 | |
| Ancient of War | 2 | |
| Altar of Elders | 1 | |
| Tree of Ages | 1 | |
| Tree of Eternity | 1 | |
| Ancient of Lore | 2 | |
| Tree of Life | 3 | |
19 total
» build order
00:18 Moon Well
01:09 Hunter's Hall
01:18 Ancient of War
01:37 Moon Well
02:05 Altar of Elders
02:29 Ancient of War
02:39 Moon Well
03:07 Moon Well
06:25 Tree of Ages
06:38 Moon Well
07:51 Moon Well
08:49 Moon Well
08:50 Tree of Eternity
09:57 Moon Well
10:52 Ancient of Lore
10:54 Ancient of Lore
14:20 Tree of Life
14:55 Tree of Life
15:54 Tree of Life
» items
HEAT. (
blue | 125 APM | 4183 actions | 33:30)
3 Blademaster
1 Wind Walk
2 Critical Strike
» actions
| Assign group hotkey | 15 | |
| Basic commands | 14 | |
| Build / train | 95 | |
| Enter build submenu | 58 | |
| Enter hero's abilities submenu | 3 | |
| Give item / drop item | 5 | |
| Remove unit from queue | 1 | |
| Right click | 321 | |
| Select / deselect | 478 | |
| Select group hotkey | 3079 | |
| Use ability | 114 | |
4183 total
» units
» upgrades
| Spiked Barricades | 2 | |
| Reinforced Defenses | 1 | |
3 total
» buildings
| Orc Burrow | 3 | |
| Altar of Storms | 1 | |
| Barracks | 1 | |
| War Mill | 1 | |
| Stronghold | 2 | |
| Voodoo Lounge | 1 | |
| Watch Tower | 47 | |
| Fortress | 4 | |
60 total
» build order
00:37 Orc Burrow
00:41 Altar of Storms
01:09 Barracks
02:19 Orc Burrow
02:25 War Mill
02:44 Orc Burrow
05:25 Stronghold
05:25 Stronghold
05:42 Voodoo Lounge
07:21 Watch Tower
07:23 Watch Tower
07:23 Watch Tower
07:25 Watch Tower
07:30 Watch Tower
07:32 Watch Tower
08:48 Watch Tower
08:49 Watch Tower
08:50 Watch Tower
08:51 Fortress
08:52 Fortress
08:52 Fortress
09:54 Watch Tower
09:56 Watch Tower
10:36 Watch Tower
10:36 Watch Tower
14:46 Watch Tower
14:47 Watch Tower
14:48 Watch Tower
15:33 Watch Tower
15:34 Watch Tower
16:27 Watch Tower
16:29 Watch Tower
17:55 Watch Tower
18:03 Watch Tower
18:05 Watch Tower
18:35 Watch Tower
18:39 Watch Tower
18:40 Watch Tower
18:52 Watch Tower
19:07 Watch Tower
20:04 Watch Tower
20:07 Watch Tower
20:08 Watch Tower
20:11 Watch Tower
20:14 Watch Tower
21:36 Watch Tower
21:39 Watch Tower
21:42 Watch Tower
21:43 Watch Tower
21:47 Watch Tower
21:49 Watch Tower
21:51 Watch Tower
21:53 Watch Tower
21:58 Watch Tower
21:59 Watch Tower
22:01 Watch Tower
22:31 Watch Tower
22:32 Watch Tower
22:40 Watch Tower
» items
| Periapt of Vitality | 14 | |
| Staff of Teleportation | 1 | |
| Boots of Speed | 1 | |
| Healing Salve | 2 | |
18 total
RockNRolla (
teal | 49 APM | 1626 actions | 33:30)
5 Blademaster
3 Wind Walk
2 Critical Strike
» actions
| Assign group hotkey | 69 | |
| Basic commands | 296 | |
| Build / train | 56 | |
| Enter build submenu | 40 | |
| Enter hero's abilities submenu | 5 | |
| Give item / drop item | 5 | |
| Right click | 595 | |
| Select / deselect | 358 | |
| Select group hotkey | 124 | |
| Use ability | 78 | |
1626 total
» units
| Peon | 13 | |
| Grunt | 5 | |
| Troll Batrider | 4 | |
| Wind Rider | 9 | |
31 total
» upgrades
| Ranged Weapons | 3 | |
| Armor | 3 | |
| Reinforced Defenses | 1 | |
| Envenomed Spears | 1 | |
8 total
» buildings
| Orc Burrow | 4 | |
| Altar of Storms | 1 | |
| Barracks | 1 | |
| Voodoo Lounge | 2 | |
| War Mill | 2 | |
| Stronghold | 1 | |
| Watch Tower | 24 | |
| Beastiary | 3 | |
| Fortress | 1 | |
| Great Hall | 1 | |
40 total
» build order
00:18 Orc Burrow
00:50 Altar of Storms
00:55 Barracks
01:07 Orc Burrow
01:46 Voodoo Lounge
02:38 War Mill
03:45 Orc Burrow
04:19 Stronghold
05:35 Watch Tower
05:36 Watch Tower
05:39 Watch Tower
05:41 Watch Tower
07:38 Beastiary
07:44 Beastiary
07:52 Beastiary
07:57 Orc Burrow
11:25 Fortress
11:31 War Mill
13:15 Great Hall
13:20 Watch Tower
13:20 Watch Tower
13:20 Watch Tower
13:21 Watch Tower
13:23 Watch Tower
13:23 Watch Tower
13:24 Watch Tower
13:25 Watch Tower
13:30 Voodoo Lounge
17:03 Watch Tower
17:04 Watch Tower
17:04 Watch Tower
17:05 Watch Tower
17:07 Watch Tower
17:07 Watch Tower
17:16 Watch Tower
17:17 Watch Tower
17:19 Watch Tower
17:52 Watch Tower
17:53 Watch Tower
17:55 Watch Tower
» items
| Healing Salve | 6 | |
| Lesser Clarity Potion | 1 | |
| Orb of Lightning | 1 | |
| Staff of Teleportation | 1 | |
9 total

»
MRSA_sputum (
pink | 55 APM | 1036 actions | 18:52)
3 Mountain King
2 Storm Bolt
1 Bash
2 Paladin
1 Holy Light
1 Divine Shield
» actions
| Assign group hotkey | 10 | |
| Build / train | 58 | |
| Enter build submenu | 25 | |
| Enter hero's abilities submenu | 5 | |
| Give item / drop item | 1 | |
| Right click | 320 | |
| Select / deselect | 174 | |
| Select group hotkey | 400 | |
| Use ability | 43 | |
1036 total
» units
| Peasant | 17 | |
| Rifleman | 7 | |
| Mortar Team | 4 | |
28 total
» upgrades
| Masonry | 2 | |
| Gunpowder | 2 | |
| Lumber Harvesting | 1 | |
| Armor | 1 | |
| Flare | 1 | |
| Long Rifles | 1 | |
8 total
» buildings
| Farm | 10 | |
| Altar of Kings | 1 | |
| Scout Tower | 6 | |
| Barracks | 1 | |
| Blacksmith | 1 | |
| Arcane Vault | 1 | |
| Arcane Tower | 1 | |
| Lumber Mill | 1 | |
| Keep | 2 | |
| Guard Tower | 5 | |
| Workshop | 2 | |
31 total
» build order
00:25 Farm
00:39 Altar of Kings
00:50 Scout Tower
01:06 Barracks
01:45 Farm
02:08 Blacksmith
03:26 Arcane Vault
03:56 Farm
04:08 Arcane Tower
04:39 Lumber Mill
04:44 Farm
05:41 Scout Tower
05:58 Keep
05:58 Keep
06:21 Scout Tower
06:24 Guard Tower
06:50 Farm
07:05 Guard Tower
07:31 Farm
08:14 Scout Tower
09:00 Guard Tower
09:48 Farm
11:14 Farm
11:22 Workshop
11:26 Workshop
11:59 Scout Tower
12:36 Guard Tower
14:01 Scout Tower
14:37 Guard Tower
16:37 Farm
17:29 Farm
» items
| Scroll of Regeneration | 3 | |
| Lesser Clarity Potion | 2 | |
| Boots of Speed | 2 | |
7 total
team 2 (winner)

»
Bowser (
red | 44 APM | 479 actions | 10:52)
4 Tauren Chieftain
2 War Stomp
2 Endurance Aura
» actions
| Assign group hotkey | 20 | |
| Basic commands | 10 | |
| Build / train | 45 | |
| Enter build submenu | 14 | |
| Enter hero's abilities submenu | 4 | |
| Give item / drop item | 1 | |
| Right click | 136 | |
| Select / deselect | 125 | |
| Select group hotkey | 71 | |
| Use ability | 53 | |
479 total
» units
| Peon | 9 | |
| Troll Headhunter/Berserker | 14 | |
| Kodo Beast | 2 | |
| Spirit Walker | 2 | |
27 total
» upgrades
| Armor | 1 | |
| Spirit Walker Training | 1 | |
| Troll Regeneration | 1 | |
| Berserker Upgrade | 1 | |
4 total
» buildings
| Orc Burrow | 3 | |
| War Mill | 1 | |
| Altar of Storms | 1 | |
| Barracks | 1 | |
| Voodoo Lounge | 1 | |
| Watch Tower | 1 | |
| Stronghold | 1 | |
| Fortress | 2 | |
| Spirit Lodge | 2 | |
| Beastiary | 1 | |
| Great Hall | 1 | |
15 total
» build order
00:28 Orc Burrow
00:53 War Mill
01:13 Altar of Storms
01:31 Barracks
01:47 Orc Burrow
02:16 Voodoo Lounge
03:09 Orc Burrow
04:48 Watch Tower
04:59 Stronghold
07:20 Fortress
07:20 Fortress
07:26 Spirit Lodge
07:27 Beastiary
07:42 Spirit Lodge
09:45 Great Hall
» items

»
Angry_Birds (
orange | 61 APM | 598 actions | 09:46)
4 Archmage
2 Summon Water Elemental
2 Brilliance Aura
» actions
| Assign group hotkey | 21 | |
| Build / train | 37 | |
| Enter build submenu | 19 | |
| Enter hero's abilities submenu | 5 | |
| Right click | 241 | |
| Select / deselect | 142 | |
| Select group hotkey | 105 | |
| Use ability | 28 | |
598 total
» units
» upgrades
| Gunpowder | 1 | |
| Masonry | 1 | |
| Long Rifles | 1 | |
| Armor | 1 | |
4 total
» buildings
| Farm | 6 | |
| Altar of Kings | 1 | |
| Lumber Mill | 1 | |
| Barracks | 1 | |
| Scout Tower | 6 | |
| Blacksmith | 1 | |
| Arcane Tower | 2 | |
| Guard Tower | 3 | |
| Keep | 1 | |
| Arcane Vault | 1 | |
23 total
» build order
00:14 Farm
00:22 Altar of Kings
00:54 Lumber Mill
00:58 Farm
01:35 Farm
01:45 Barracks
02:12 Scout Tower
02:21 Blacksmith
02:34 Farm
02:40 Arcane Tower
02:43 Scout Tower
03:20 Guard Tower
03:33 Farm
03:59 Keep
05:08 Arcane Vault
07:31 Scout Tower
07:33 Scout Tower
08:06 Guard Tower
08:07 Arcane Tower
08:23 Scout Tower
08:34 Farm
09:06 Guard Tower
09:09 Scout Tower
» items
| Scroll of Regeneration | 1 | |
| Scroll of Town Portal | 1 | |
| Boots of Speed | 1 | |
| Scroll of Healing | 1 | |
4 total
sexo (
yellow | 0 APM | 3 actions | 33:30)
Lamechampion (
purple | 110 APM | 3691 actions | 33:31)
8 Archmage
2 Summon Water Elemental
3 Brilliance Aura
2 Blizzard
1 Mass Teleport
» actions
| Assign group hotkey | 62 | |
| Basic commands | 50 | |
| Build / train | 170 | |
| Enter build submenu | 40 | |
| Enter hero's abilities submenu | 8 | |
| Give item / drop item | 3 | |
| Right click | 1196 | |
| Select / deselect | 435 | |
| Select group hotkey | 1534 | |
| Use ability | 193 | |
3691 total
» units
| Peasant | 11 | |
| Footman | 10 | |
| Gryphon Rider | 14 | |
| Peon | 5 | |
| Dragonhawk Rider | 5 | |
45 total
» upgrades
| Masonry | 3 | |
| Swords | 3 | |
| Armor | 3 | |
| Lumber Harvesting | 2 | |
| Animal War Training | 1 | |
| Storm Hammers | 1 | |
| Sorceress Training | 2 | |
| Reinforced Defenses | 1 | |
| Cloud | 1 | |
| Long Rifles | 1 | |
| Defend | 1 | |
| Priest Training | 1 | |
| Plating | 2 | |
| Gunpowder | 2 | |
| Backpack | 1 | |
25 total
» buildings
| Barracks | 1 | |
| Altar of Kings | 1 | |
| Farm | 12 | |
| Arcane Vault | 2 | |
| Lumber Mill | 2 | |
| Scout Tower | 12 | |
| Blacksmith | 1 | |
| Arcane Tower | 5 | |
| Guard Tower | 20 | |
| Keep | 3 | |
| Castle | 2 | |
| Gryphon Aviary | 2 | |
| Arcane Sanctum | 2 | |
| Town Hall | 1 | |
66 total
» build order
00:42 Barracks
00:45 Altar of Kings
00:55 Farm
01:31 Farm
01:35 Farm
01:57 Arcane Vault
02:23 Lumber Mill
02:32 Lumber Mill
02:58 Farm
03:44 Farm
03:53 Scout Tower
03:55 Scout Tower
04:10 Blacksmith
04:16 Farm
04:42 Arcane Tower
04:42 Arcane Tower
04:42 Guard Tower
04:43 Guard Tower
04:43 Guard Tower
05:35 Keep
05:35 Keep
06:01 Scout Tower
06:18 Scout Tower
06:20 Scout Tower
06:51 Guard Tower
06:51 Guard Tower
06:52 Arcane Tower
06:52 Arcane Tower
06:53 Guard Tower
06:53 Guard Tower
06:53 Guard Tower
07:02 Scout Tower
07:07 Scout Tower
08:09 Guard Tower
08:10 Castle
08:12 Gryphon Aviary
09:04 Guard Tower
09:04 Guard Tower
09:04 Guard Tower
09:12 Gryphon Aviary
10:19 Farm
10:23 Farm
10:27 Scout Tower
13:20 Guard Tower
13:43 Arcane Sanctum
13:45 Arcane Sanctum
14:09 Farm
19:02 Farm
19:21 Arcane Vault
21:35 Town Hall
21:39 Scout Tower
21:40 Scout Tower
21:41 Scout Tower
21:42 Scout Tower
22:00 Farm
22:01 Farm
28:35 Guard Tower
28:35 Guard Tower
28:35 Guard Tower
» items
| Scroll of Regeneration | 7 | |
| Mechanical Critter | 2 | |
| Lesser Clarity Potion | 1 | |
| Scroll of Town Portal | 2 | |
| Periapt of Vitality | 2 | |
| Tome of Retraining | 1 | |
| Potion of Invisibility | 7 | |
| Staff of Teleportation | 1 | |
| Potion of Lesser Invulnerability | 1 | |
| Scroll of Healing | 1 | |
25 total
Chat log
(04:35 / All) Lamechampion: lol
(04:52 / All) HEAT.: cant trap me i got staff haha
(04:56 / All) Lamechampion: haha!!!
(05:00 / All) Lamechampion: level 1 harass noob!!!
(05:11 / All) HEAT.: levelk 1 camp noob?
(05:19 / All) HEAT.: with two level 1 noob friends
(05:26 / All) Lamechampion: lol
(08:00 / Allies) Angry_Birds: need to hit
(08:30 / All) Lamechampion: Level 1 harasser scub
(11:52 / All) Lamechampion: nice instant reaction mh
(12:12 / All) HEAT.: faster apm than u thats all
(12:16 / All) Lamechampion: lol
(12:24 / All) Lamechampion: no amount of apm beats 500 ms latency built in
(12:32 / All) Lamechampion: also I have way highe apm than you as last game confirms just saying
(12:48 / All) HEAT.: yeah i was a hero only like this game most of it haha
(13:28 / All) HEAT.: i just tied red after u guys left anyhow?
(13:29 / All) HEAT.: haha
(13:36 / All) Lamechampion: haha!!!\
(14:52 / All) Lamechampion: Blue is mh level 1 harass 4v4 orc trash
(15:00 / All) MRSA_sputum: blah blah blah
(15:06 / All) Lamechampion: out, you lose lol
(15:29 / All) HEAT.: i only lose when i chose. unfortunatly :(
(15:34 / All) Lamechampion: lol
(15:52 / All) HEAT.: and ur right. i do mh haha
(16:06 / All) HEAT.: i also disc hack/tie hack/long load hack/ bot load
(16:08 / All) Lamechampion: didn't realise that did so much damage
(16:10 / All) HEAT.: name spoof
(16:13 / All) MRSA_sputum: whoops
(16:15 / All) Lamechampion: yeah I'm sure you doo
(16:17 / All) HEAT.: umm
(16:21 / All) HEAT.: think thats all of them haha
(16:26 / All) Lamechampion: haha!!!
(16:40 / All) HEAT.: but i win no matyter what u do tbh
(16:47 / All) Lamechampion: k
(16:52 / All) HEAT.: because
(16:54 / All) HEAT.: yellow is my bot
(17:02 / All) HEAT.: so this loses. yellow wins = i win
(17:14 / All) HEAT.: :)))
(17:25 / All) HEAT.: *say i win!
(17:25 / All) sexo: i win
(17:26 / All) Lamechampion: caring about wins in a 13 yeaold game :^)
(17:36 / All) HEAT.: nah i dont care. just killing time
(17:41 / All) HEAT.: bored
(17:46 / All) Lamechampion: haha
(17:48 / All) MRSA_sputum: blah blah blah
(17:48 / All) HEAT.: hacks are the fun in these old games
(18:19 / All) HEAT.: look green really wants to win haha
(18:25 / All) HEAT.: he cares!
(22:27 / All) RockNRolla: green you a bottom boy
(23:16 / All) HEAT.: LOL
(23:28 / All) HEAT.: HAHA
(23:30 / All) HEAT.: 2 SLOW
(23:56 / All) RockNRolla: blue denied me exp!
(24:38 / All) RockNRolla: blue do you like michael mann movies
(25:04 / All) RockNRolla: Heat is a movie
(25:10 / All) RockNRolla: a tight one
(25:28 / All) RockNRolla: you're a very poor blademaster
(26:30 / All) RockNRolla: if'n you kill my wyvs I'll just have to get caties
(26:48 / All) Lamechampion: Watch out, blue might drophack as haha
(27:10 / All) HEAT.: no need. i win anyways
(27:16 / All) Lamechampion: lol
(27:18 / All) HEAT.: just waiting for green to leave so i win haha
(27:21 / All) Lamechampion: haha
(27:26 / All) HEAT.: got a few games going right now
(27:31 / All) HEAT.: a 3v3 one too
(27:34 / All) XxLordDiabloxX: I'll at least make you work
(27:47 / All) XxLordDiabloxX: because I know that what ever I do I'm powerless against you
(27:54 / All) XxLordDiabloxX: so until I can snap your neck when you're in front of me
(27:57 / All) XxLordDiabloxX: you'll have to do the work
(28:02 / All) RockNRolla: lol!
(28:03 / All) Lamechampion: LOL
(28:38 / All) RockNRolla: are you fantasizing about fighting e and righting this wrong
(29:00 / All) XxLordDiabloxX: nah it's not fantasy, I don't believe in it
(29:05 / All) XxLordDiabloxX: it's just a realiztion you know
(30:35 / All) Lamechampion: there's no public drophack ight now I thought
(30:39 / All) Lamechampion: so what ae you blue
(30:50 / All) Lamechampion: some d3scene admin or forum big shot? lol
(31:00 / All) Lamechampion: haha
(31:12 / All) Lamechampion: we raped them many times haha
(32:48 / All) RockNRolla: any parting wisdom you wish to bestow, gents?
(33:01 / All) XxLordDiabloxX: so much hatred
(33:03 / All) XxLordDiabloxX: in this world
(33:06 / All) XxLordDiabloxX: gg
(33:25 / All) RockNRolla: White man speak with silver forked tongue
(33:27 / All) RockNRolla: and how